Description

--

Replay - BO-001

Build Order

Get SALT Encoding   

  12  0:01  Drone  
  13  0:12  Overlord  
  13  0:17  Drone  
  14  0:30  Drone x3  
  17  0:55  Hatchery  
  16  0:58  Drone x2  
  18  1:04  Extractor  
  18  1:08  Drone  
  18  1:17  Drone  
  19  1:28  Overlord  
  21  2:07  Queen x2  
  25  2:08  Metabolic Boost  
  25  2:15  Zergling  
Spawning Tool Build Advisor. Get it on Overwolf

Analysis

--

Go to:

Details

  • Created by: bhane
  • Published on: Aug 24, 2017
  • Modified on: Aug 24, 2017
  • Patch: 3.8.0
Show
View Real Time Build Order
Export as new Build Order

Comments (0)

There are no comments. Be the first!

Create an account to comment!